 Dungeon Crawl Stone Soup version 0.20-a0-967-g62cfa5d (webtiles) character file.

104 nubinia the Magician (level 4, -4/31 HPs)
             Began as a Bultungin Wizard on Apr 7, 2017.
             Was an Initiate of Ashenzari.
             Killed by divine providence
             ... invoked by an orc priest
              (14 damage)
             ... on level 3 of the Dungeon.
             The game lasted 00:09:03 (2832 turns).

nubinia the Magician (Bultungin Wizard)             Turns: 2832, Time: 00:09:04

Health: -4/31      AC:  2    Str:  6    XL:     4   Next: 80%
Magic:  1/12       EV: 13    Int: 19    God:    Ashenzari [......]
Gold:   194        SH:  0    Dex: 12    Spells: 12/16 levels left

rFire    . . .     SeeInvis +   o - -3 dagger (curse)
rCold    . . .     Gourm    .   (no shield)
rNeg     . . .     Faith    .   a - +0 robe
rPois    .         Spirit   .   b - +0 hat
rElec    .         Reflect  .   (no cloak)
rCorr    .         Harm     .   (no gloves)
MR       .....                  (no boots)
Stlth    ++........             (no amulet)
Regen    0.1/turn               (no ring)
MPRegen  0.2/turn               (no ring)

@: very slightly contaminated
A: short attention span, fangs 1, see invisible, strong nose
a: Curse Item, Renounce Religion


You were on level 3 of the Dungeon.
You worshipped Ashenzari.
Ashenzari was noncommittal.
You were not hungry.

You visited 1 branch of the dungeon, and saw 3 of its levels.

You collected 194 gold pieces.

Inventory:

Hand Weapons
 f - a +0 dagger
 o - a cursed -3 dagger (weapon)
Armour
 a - a +0 robe (worn)
 b - a +0 hat (worn)
 t - a cursed +0 leather armour
Scrolls
 h - a scroll of enchant weapon {unknown}
 i - 2 scrolls of magic mapping
 l - a scroll of fear {unknown}
 n - 2 scrolls of identify
 p - 2 scrolls of remove curse
Potions
 e - 2 potions of cancellation
 j - a potion of agility {unknown}
 k - a potion of lignification {unknown}
 m - a potion of might
 r - a potion of ambrosia {unknown}
 u - a potion of curing {unknown}
Books
 c - a book of Minor Magic

   Spells                             Type                      Level
   a - Magic Dart                     Conjuration                  1
   b - Blink                          Translocation                2
   c - Call Imp                       Summoning                    2
   d - Slow                           Hexes                        2
   e - Conjure Flame                  Conjuration/Fire             3
   f - Mephitic Cloud                 Conjuration/Poison/Air       3
Comestibles
 d - a bread ration
 g - 2 royal jellies
 q - 2 fruits
 s - a meat ration
 v - 4 chunks of flesh


   Skills:
 + Level 0.4 Fighting
 + Level 3.5 Dodging
 + Level 2.8 Stealth
 + Level 6.8 Spellcasting
 + Level 3.0 Conjurations
   Level 1.5 Summonings
   Level 1.5 Translocations
 * Level 1.1 Air Magic
 * Level 1.3 Poison Magic


You had 12 spell levels left.
You knew the following spells:

 Your Spells              Type           Power        Failure   Level  Hunger
a - Magic Dart            Conj           ###.         3%          1    None
c - Mephitic Cloud        Conj/Pois/Air  ##......     14%         3    #......


Dungeon Overview and Level Annotations

Branches:
Dungeon (3/15)

Altars:
Ashenzari
Gozag
Makhleb
Ru


Innate Abilities, Weirdness & Mutations

You have a short attention span.
You have very sharp teeth.
You have supernaturally acute eyesight. (SInv)
Your uncanny sense of smell can sniff out nearby items.


Message History

Unknown command.
Unknown command.
Unknown command.
Casting: Magic Dart
Confirm with . or Enter, or press ? or * to list all spells.
Aiming: Magic Dart
Press: ? - help, Shift-Dir - straight line, f/p - orc priest
Aim: an orc priest, wielding a spear and wearing a leather armour (almost dead)
The magic dart hits the orc priest.
The orc priest is almost dead.
Unknown command.
Unknown command.
Unknown command.
Casting: Magic Dart
Confirm with . or Enter, or press ? or * to list all spells.
You don't have enough magic to cast that spell.
You are too injured to fight recklessly!
The orc priest invokes the aid of Beogh against you.
Beogh smites you!
You die...

#... ##... ##...
#...###
#...#.#.#
#..#.⌠.# #...#
#)#(#### ##
#.##@##.♣.##
#...)o##.#.###.#
######..#.....#
##....##.oo.
##..).# .∆
##.#.#
#######.#.##
#..........#
#..........#


You could see an orc priest.

Vanquished Creatures
  An orc wizard (D:3)
  2 adders (D:2)
  An ooze (D:1)
  A worm (D:2)
  A leopard gecko (D:1)
  5 orcs
  6 goblins
  3 hobgoblins
  3 ball pythons
  14 bats
  5 frilled lizards
  4 kobolds
  2 rats
48 creatures vanquished.

Notes
Turn   | Place    | Note
-------+----------+-------------------------------------------
     0 | D:1      | nubinia the Bultungin Wizard began the quest for the Orb.
     0 | D:1      | Reached XP level 1. HP: 13/13 MP: 6/6
   356 | D:1      | Reached skill level 5 in Spellcasting
   591 | D:1      | Reached XP level 2. HP: 19/19 MP: 0/8
  1196 | D:2      | Found a shattered altar of Ashenzari.
  1200 | D:2      | Became a worshipper of Ashenzari the Shackled
  1204 | D:2      | Found a sacrificial altar of Ru.
  1207 | D:2      | Found a burning altar of Makhleb.
  1277 | D:2      | Reached skill level 6 in Spellcasting
  1277 | D:2      | Reached XP level 3. HP: 24/24 MP: 6/10
  1412 | D:2      | Learned a level 3 spell: Mephitic Cloud
  2039 | D:2      | Found an opulent altar of Gozag.
  2262 | D:2      | Reached XP level 4. HP: 21/30 MP: 4/12
  2762 | D:3      | Reached skill level 1 in Air Magic
  2762 | D:3      | Reached skill level 1 in Poison Magic
  2832 | D:3      | Killed from afar by an orc priest

Vault maps used:
D:1:      lightli_arrival_farm
D:2:      grunt_temple_overflow_diamond, lemuel_crystal_altar
D:3:      first_bread, grunt_decor_mini_mirrors

Skill      XL: |  1  2  3  4 |
---------------+-------------+-----
Spellcasting   | 5 6 |  6.8
Conjurations   | 2 3 |  3.0
Air Magic      | 1 |  1.1
Poison Magic   | 1 |  1.3
Fighting       | |  0.4
Dodging        | |  3.5
Stealth        | |  2.8
Summonings     | |  1.5
Translocations | |  1.5

Action                   |  1- 3 |  4- 6 || total
-------------------------+-------+-------++-------
Melee: Dagger            |    16 |     1 ||    17
       Bite              |     1 |       ||     1
 Cast: Magic Dart        |    77 |    50 ||   127
  Use: Potion            |     1 |       ||     1
       Scroll            |     2 |       ||     2
 Stab: Sleeping          |     1 |     1 ||     2
  Eat: Chunk             |     4 |     2 ||     6
Armor: Robe              |     7 |     7 ||    14
Dodge: Dodged            |    20 |     7 ||    27
